 Dungeon Crawl Stone Soup version 0.25-a0-561-g0977b4d109 (webtiles) character file.

Game seed: 15468446918349163747, levelgen mode: deterministic

203 Esekla the Magician (level 5, -2/28 HPs)
             Began as a Deep Elf Wizard on Feb 25, 2020.
             Slain by a hound (4 damage)
             ... on level 5 of the Dungeon.
             The game lasted 00:20:48 (2104 turns).

Esekla the Magician (Deep Elf Wizard)               Turns: 2104, Time: 00:20:49

Health: -2/28      AC:  2    Str:  5    XL:     5   Next: 51%
Magic:  1/16       EV: 16    Int: 23    God:
Gold:   80         SH:  0    Dex: 13    Spells: 8/17 levels left

rFire    . . .     SeeInvis .   i - +0 short sword
rCold    . . .     Gourm    +   (no shield)
rNeg     . . .     Faith    .   a - +0 robe
rPois    .         Spirit   .   b - +0 hat
rElec    .         Reflect  .   (no cloak)
rCorr    .         Harm     .   (no gloves)
MR       .....                  (no boots)
Stlth    ++........             f - amulet of the gourmand
HPRegen  0.09/turn              q - +3 ring of evasion
MPRegen  0.15/turn              (no ring)

@: stab, very slightly contaminated
A: no striking features
a: no special abilities


You were on level 5 of the Dungeon.
You were hungry.

You visited 1 branch of the dungeon, and saw 5 of its levels.

You collected 80 gold pieces.

Inventory:

Hand Weapons
 i - a +0 short sword (weapon)
 k - a +0 spear
Armour
 a - a +0 robe (worn)
 b - a +0 hat (worn)
Jewellery
 f - an amulet of the gourmand (around neck)
 q - a +3 ring of evasion (left hand)
Scrolls
 e - a scroll of magic mapping {unknown}
 g - a scroll of teleportation {unknown}
 l - a scroll of amnesia {unknown}
 m - a scroll of remove curse
 n - a scroll of enchant weapon {unknown}
 p - a scroll of fog {unknown}
Potions
 h - 2 potions of stabbing
 j - a potion of invisibility {unknown}
 o - a potion of berserk rage {unknown}
Comestibles
 d - 7 rations


   Skills:
 * Level 1.3 Short Blades
 + Level 2.8 Dodging
 + Level 3.2 Stealth
 * Level 6.6 Spellcasting
 + Level 1.7 Conjurations
   Level 1.1 Summonings
 * Level 1.6 Translocations
 * Level 1.5 Fire Magic
 * Level 0.8 Air Magic
 * Level 0.9 Poison Magic


You had 8 spell levels left.
You knew the following spells:

 Your Spells              Type           Power        Failure   Level  Hunger
a - Magic Dart            Conj           ###.         4%          1    None
b - Blink                 Tloc           N/A          6%          2    None
c - Mephitic Cloud        Conj/Pois/Air  ##......     16%         3    None
f - Conjure Flame         Conj/Fire      ###.....     12%         3    None

Your spell library contained the following spells:

 Spells                   Type           Power        Failure   Level  Hunger
 Call Imp                 Summ           ##......     8%          2    None
 Slow                     Hex            #.......     12%         2    None


Dungeon Overview and Level Annotations

Branches:
Dungeon (5/15)
 Temple: D:4-7

Altars:
Dithmenos
Hepliaklqana

Shops:
D:4 %

Annotations:
D:3 Grinder


Message History

You blink.
Casting: Blink (safe; 6% risk of failure)
Confirm with . or Enter, or press ? or * to list all spells.
Okay, then.
Found 21 arrows.
The hound bites you but does no damage.
You miss the hound.
The hound is heavily wounded.
The sentinel's mark upon you fades away.
The hound bites you.
* * * LOW HITPOINT WARNING * * *
Casting: Blink (safe; 6% risk of failure)
Confirm with . or Enter, or press ? or * to list all spells.
Aiming: Magic Dart (safe; 4% risk of failure)
Press: ? - help, Shift-Dir - straight line, f - hound
Aim: a hound (heavily wounded)
The magic dart hits the hound but does no damage.
The hound is heavily wounded.
The hound bites you.
You die...

#.. >.. #. . # #.. #. .
###.### #.. #.##.
.......######.$#### ....
.......@h...#..... ....
.......####.#..######...
....(.. #..!...o...z#.
....... ###..######S#.
....... #..# #.JZ.
....... #..# #..#.
#..##.# #..# #.Y## +..
#. ...#####Yo..
#...........#


You could see a hound.

Vanquished Creatures
  A centaur (D:5)
  A hound (D:5)
  An iguana (D:5)
  4 adders
  2 worms
  A dart slug (D:2)
  5 leopard geckos
  An orc (D:4)
  8 bats
  4 giant cockroaches
  7 goblins
  7 hobgoblins
  3 jackals (D:4)
  3 kobolds
  2 quokkas
  3 ball pythons
  4 frilled lizards
  3 rats
60 creatures vanquished.

Notes
Turn   | Place    | Note
-------+----------+-------------------------------------------
     0 | D:1      | Esekla the Deep Elf Wizard began the quest for the Orb.
     0 | D:1      | Reached XP level 1. HP: 10/10 MP: 7/7
   318 | D:1      | Reached skill level 5 in Spellcasting
   410 | D:1      | Reached XP level 2. HP: 15/15 MP: 7/10
   642 | D:2      | Reached XP level 3. HP: 19/19 MP: 6/12
   710 | D:2      | Learned a level 2 spell: Blink
   716 | D:1      | Learned a level 3 spell: Mephitic Cloud
   720 | D:1      | Learned a level 3 spell: Conjure Flame
   905 | D:1      | Reached skill level 6 in Spellcasting
  1163 | D:2      | Found a hazy altar of Hepliaklqana.
  1280 | D:2      | Reached XP level 4. HP: 24/24 MP: 3/14
  1479 | D:3      | Reached skill level 1 in Fire Magic
  1688 | D:3      | Noticed Grinder
  1751 | D:4      | Found a shadowy altar of Dithmenos.
  1765 | D:4      | Found a shadowy altar of Dithmenos.
  1778 | D:4      | Found Suisemn's Food Boutique.
  1809 | D:4      | HP: 1/24 [orc wizard/+0 dagger (1)]
  1821 | D:5      | Entered Level 5 of the Dungeon
  1823 | D:5      | Noticed a centaur
  2036 | D:5      | Reached skill level 1 in Short Blades
  2047 | D:5      | Reached XP level 5. HP: 17/28 MP: 9/15
  2067 | D:5      | Killed a centaur
  2068 | D:5      | Noticed an orc warrior
  2080 | D:5      | HP: 1/28 [orc warrior/+0 falchion (18)]
  2086 | D:5      | Noticed a sky beast
  2104 | D:5      | Slain by a hound

Levels and vault maps discovered:
D:1:      lemuel_arrival_hallway, layout_loops_ring, minmay_distorted
D:2:      layout_rooms, marbit_many_paths, first_ration, lightli_corner_chamber
D:3:      layout_basic, minmay_close_crescents, uniq_grinder
D:4:      layout_basic, kennysheep_mini, serial_shops, shop, shop, shop, shop,
          shop, grunt_dithmenos_smoke_and_mirrors
D:5:      layout_loops_ring, zin_scriptorium, serial_shops,
          nicolae_shop_behind_doors, sword_in_stone

Skill      XL: |  1  2  3  4 |
---------------+-------------+-----
Spellcasting   | 5 6 |  6.6
Stealth        | 3 |  3.2
Fire Magic     | 1 |  1.5
Short Blades   | 1 |  1.3
Dodging        | |  2.8
Conjurations   | |  1.7
Summonings     | |  1.1
Translocations | |  1.6
Air Magic      | |  0.8
Poison Magic   | |  0.9

Action                   |  1- 3 |  4- 6 || total
-------------------------+-------+-------++-------
Melee: Dagger            |     3 |       ||     3
       Spear             |    18 |     4 ||    22
       Short sword       |    11 |    35 ||    46
 Cast: Magic Dart        |    59 |    28 ||    87
       Conjure Flame     |     3 |     1 ||     4
       Mephitic Cloud    |     1 |     5 ||     6
       Blink             |       |     8 ||     8
  Use: Potion            |       |     4 ||     4
       Scroll            |       |     1 ||     1
 Stab: Sleeping          |     5 |     3 ||     8
       Confused          |       |     5 ||     5
  Eat: Chunk             |       |     3 ||     3
Armor: Robe              |     7 |     6 ||    13
Dodge: Dodged            |    19 |    46 ||    65

Table legend:
 A = Non-vault XP
 B = Vault XP
 C = Vault XP percentage of total XP
 D = Non-vault monster count
 E = Vault monster count
 F = Vault count percentage of total count
                 A         B        C        D         E       F
            +---------+---------+-------+---------+---------+-------
      Total |     280 |      10 |   3.4 |      54 |       6 |  10.0
            +---------+---------+-------+---------+---------+-------
        D:1 |      39 |       3 |   7.1 |      21 |       1 |   4.5
        D:2 |      57 |       1 |   1.7 |      17 |       1 |   5.6
        D:3 |      30 |       6 |  16.7 |       6 |       4 |  40.0
        D:4 |      12 |       0 |   0.0 |       5 |       0 |   0.0
        D:5 |     142 |       0 |   0.0 |       5 |       0 |   0.0
            +---------+---------+-------+---------+---------+-------
